 Dungeon Crawl Stone Soup version 0.31-a0-210-gccc998df9b (webtiles) character file.

Game seed: 2513356621752657910

2292 Brandom the Trooper (level 9, -5/71 HPs)
             Began as a Mummy Cinder Acolyte on June 30, 2023.
             Was a High Priest of Ignis.
             Slain by a yak (7 damage)
             ... on level 5 of the Dungeon.
             The game lasted 00:26:20 (6745 turns).

Brandom the Trooper (Mummy Cinder Acolyte)          Turns: 6745, Time: 00:26:20

Health: -5/71      AC:  6    Str: 18    XL:     9   Next: 17%
Magic:  2/14       EV: 12    Int: 17    God:    Ignis [*****.]
Gold:   233        SH:  0    Dex:  7    Spells: 9/15 levels left

rFire   + . .        f - +2 short sword (venom)
rCold   + . .        (no shield)
rNeg    + + +        s - +2 leather armour {Will+}
rPois   ∞            (no helmet)
rElec   .            (no cloak)
rCorr   .            v - +0 pair of gloves
SInv    .            (no boots)
Will    ++...        (no amulet)
Stlth   +            r - ring of protection from fire
HPRegen 0.31/turn    (no ring)
MPRegen 0.14/turn

%: faith
@: no status effects
A: cold resistance 1, negative energy resistance 3, torment resistance 2, heat
vulnerability 1, in touch with death 1, no potions, faith
a: Renounce Religion, Fiery Armour, Foxfire Swarm, Rising Flame


You were on level 5 of the Dungeon.
You worshipped Ignis.
Ignis was extremely pleased with you.
You visited 1 branch of the dungeon, and saw 6 of its levels.

You collected 305 gold pieces.
You spent 72 gold pieces at shops.

Inventory:

Hand Weapons
 a - a -1 falchion of venom
 f - a +2 short sword of venom (weapon)
   (You found it on level 1 of the Dungeon)
 o - a +2 dagger of flaming
   (You took it off Jessica on level 2 of the Dungeon)
 p - a +0 whip of flaming
   (You took it off Pikel on level 4 of the Dungeon)
 A - a +2 rapier of venom
   (You took it off Eustachio on level 5 of the Dungeon)
 H - a +0 orcbow
   (You took it off a centaur on level 5 of the Dungeon)
Missiles
 q - 44 stones
Armour
 b - a +0 robe
   (You took it off an orc wizard on level 3 of the Dungeon)
 j - a +0 chain mail
   (You found it on level 4 of the Dungeon)
 k - a +2 chain mail of cold resistance
   (You found it on level 1 of the Dungeon)
 m - a +0 robe
   (You took it off Pikel on level 4 of the Dungeon)
 s - a +2 leather armour of willpower (worn)
   (You found it on level 3 of the Dungeon)
 v - a +0 pair of gloves (worn)
   (You found it on level 3 of the Dungeon)
 x - a +0 leather armour
   (You took it off a kobold on level 4 of the Dungeon)
 z - a +1 leather armour of poison resistance
   (You took it off Eustachio on level 5 of the Dungeon)
 C - a +0 robe
   (You took it off Blork the orc on level 5 of the Dungeon)
 D - a +0 ring mail
   (You found it on level 5 of the Dungeon)
 E - a +0 leather armour
   (You took it off an orc on level 5 of the Dungeon)
 F - a +0 scale mail
   (You took it off an orc on level 5 of the Dungeon)
 G - a +0 ring mail
   (You found it on level 5 of the Dungeon)
 I - a +0 leather armour
   (You found it on level 5 of the Dungeon)
Jewellery
 r - a ring of protection from fire (left hand)
   (You found it on level 3 of the Dungeon)
 u - a ring of fire
   (You found it on level 4 of the Dungeon)
Wands
 d - a wand of iceblast (3)
   (You took it off Pikel on level 4 of the Dungeon)
 t - a wand of flame (21)
   (You took it off Ijyb on level 3 of the Dungeon)
Scrolls
 c - a scroll of revelation {unknown}
 e - 3 scrolls of teleportation {@r4}
 h - a scroll of poison
 i - a scroll of summoning
 l - a scroll of fear
 n - a scroll of blinking
 w - a scroll of enchant armour
 y - a scroll of brand weapon
 B - a scroll of fog {unknown}


   Skills:
 + Level 6.6 Fighting
 + Level 5.5 Long Blades
 + Level 4.7 Dodging
 + Level 3.7 Spellcasting
 + Level 5.3 Necromancy
 - Level 3.0 Fire Magic


You had 9 spell levels left.
You knew the following spells:

 Your Spells              Type           Power      Damage    Failure   Level
a - Scorch                Fire           26%        2d6       9%          2
b - Foxfire               Conj/Fire      32%        2x1d5     11%         1
q - Vampiric Draining     Necr           32%        2d8       6%          3

Your spell library contained the following spells:

 Spells                   Type           Power      Damage    Failure   Level
 Magic Dart               Conj           12%        1d3       19%         1
 Slow                     Hex            12%        N/A       19%         1
 Sting                    Tmut/Pois      12%        1d3       19%         1
 Call Imp                 Summ           6%         N/A       28%         2
 Poisonous Vapours        Pois/Air       6%         N/A       28%         2
 Confusing Touch          Hex            3%         N/A       50%         3
 Mephitic Cloud           Conj/Pois/Air  3%         N/A       50%         3
 Olgreb's Toxic Radiance  Pois           3%         N/A       88%         4
 Fireball                 Conj/Fire      4%         3d4       96%         5
 Plasma Beam              Fire/Air       4%         2x1d14    100%        6
 Starburst                Conj/Fire      4%         6d3       100%        6


Dungeon Overview and Level Annotations

Branches:
Dungeon (6/15)
 Temple: D:4-7

Altars:
Fedhas
Gozag

Shops:
D:2 ?

Annotations:
D:5 3 runed translucent doors, EbonGhost's ghost, weakling HuDe


Innate Abilities, Weirdness & Mutations

You are immune to poison.
Your flesh is cold resistant. (rC+)
You are immune to negative energy. (rN+++)
You are immune to unholy pain and torment.
You are vulnerable to heat. (rF-)
You are in touch with the powers of death.
You do not drink.
You have a special connection with the divine. (Faith)


Message History

The yak snorts and paws the ground.
You don't know that spell.
Throw: boomerang
Press: ? - help, Q - select action, (/) - cycle Shift-Dir - straight line, f - yak
Aim: a yak (poison gas, moderately wounded, poisoned, 68% to hit)
You throw a boomerang.
The boomerang hits the yak and shatters for extra damage.
The yak is engulfed in poison gas.
The yak looks even sicker.
You conjure some foxfire!
The yak looks even sicker.
The foxfire hits the yak but does no damage.
The yak is engulfed in poison gas.
The yak is poisoned.
You don't know that spell.
Flames lash the yak.
The yak's fire resistance burns away.
The foxfire hits the yak.
The yak is engulfed in poison gas.
The yak looks even sicker.
You hit the yak.
The yak looks as sick as possible!
The yak is engulfed in poison gas.
The yak looks as sick as possible!
The yak is engulfed in poison gas.
The yak looks even sicker.
You hit the yak.
The yak looks as sick as possible!
The yak is engulfed in poison gas.
The yak looks as sick as possible!
The yak closely misses you.
The yak is engulfed in poison gas.
The yak looks as sick as possible!
The yak gores you!
* * * LOW HITPOINT WARNING * * *
The yak is engulfed in poison gas.
The yak is poisoned.
The yak is engulfed in poison gas.
The yak looks as sick as possible!
You kill the yak!
The yak is engulfed in poison gas.
The yak looks as sick as possible!
The yak looks as sick as possible!
The yak is no longer more vulnerable to fire.
You hit the yak but do no damage.
You kill the yak!
The yak is engulfed in poison gas.
The yak looks even sicker.
You conjure some foxfire!
The foxfire hits the yak.
Flames lash the yak.
The yak's fire resistance burns away.
Flames lash the yak.
The yak gores you!
* * * LOW HITPOINT WARNING * * *
You hit the yak.
The yak looks even sicker.
You hit the yak but do no damage.
The yak looks as sick as possible!
The yak barely misses you.
You hit the yak but do no damage.
The yak looks as sick as possible!
The yak gores you!
* * * LOW HITPOINT WARNING * * *
You hit the yak.
The yak looks as sick as possible!
The yak gores you!
* * * LOW HITPOINT WARNING * * *
You can't drink.
Okay, then.
The yak attacks as you move away! The yak closely misses you.
The yak is no longer more vulnerable to fire.
The yak attacks as you move away! The yak gores you!
You die...

# #####...........#
###...###########.#
##.....## #.#
#...)...# #.#
#.......# #.#
#.......# #.#
##.....## #.#
##...###########Y##
####†##.........@..#
........############
........#
........#########
####'##.........#
##...#########.#
##.....## #.#
#.......# #.#
#.......# #.#


You could see a yak (extremely poisoned).

Vanquished Creatures
  Pikel (D:4)
  Grinder (D:4)
  3 yaks (D:5)
  Eustachio (D:5)
  A water moccasin (D:5)
  An ogre (D:5)
  2 centaurs (D:5)
  4 lemures
  Blork the orc (D:5)
  4 scorpions
  A howler monkey (D:3)
  2 hounds (D:5)
  A jelly (D:4)
  Jessica (D:2)
  2 iguanas
  Ijyb (D:3)
  3 orc wizards
  4 gnolls
  3 adders
  3 worms (D:2)
  2 dart slugs
  11 orcs
  3 ball pythons
  7 endoplasms
  8 giant cockroaches
  6 goblins
  13 hobgoblins
  2 jackals (D:2)
  5 quokkas
  5 bats
  3 frilled lizards
  7 kobolds
  6 rats
118 creatures vanquished.

Vanquished Creatures (others)
  22 foxfires (D:5)
22 creatures vanquished.

Grand Total: 140 creatures vanquished

Notes
Turn   | Place    | Note
-------+----------+-------------------------------------------
     0 | D:1      | Brandom the Mummy Cinder Acolyte began the quest for the
                  | Orb.
     0 | D:1      | Reached XP level 1. HP: 18/18 MP: 2/2
   206 | D:1      | Reached XP level 2. HP: 21/24 MP: 4/4
   823 | D:2      | Found Saocez's Magic Scroll Emporium.
   840 | D:2      | Bought a scroll of identify for 24 gold pieces
   840 | D:2      | Bought a scroll of fear for 48 gold pieces
   896 | D:2      | Gained mutation: You are in touch with the powers of death.
                  | [Mummy growth]
   896 | D:2      | Reached XP level 3. HP: 17/29 MP: 6/6
   967 | D:2      | Noticed Jessica
   982 | D:2      | Killed Jessica
   983 | D:2      | Reached skill level 1 in Dodging
  1088 | D:2      | Reached XP level 4. HP: 19/35 MP: 7/7
  1504 | D:2      | Learned a level 3 spell: Vampiric Draining
  1507 | D:2      | Learned a level 2 spell: Scorch
  1948 | D:2      | Reached skill level 1 in Necromancy
  1948 | D:2      | Reached XP level 5. HP: 21/42 MP: 8/8
  2059 | D:3      | Noticed Ijyb
  2067 | D:3      | Killed Ijyb
  2386 | D:3      | Reached skill level 4 in Fighting
  3181 | D:4      | Noticed a lemure
  3182 | D:4      | Noticed Pikel
  3183 | D:4      | Noticed a lemure
  3337 | D:4      | Reached XP level 6. HP: 48/48 MP: 4/9
  3666 | D:4      | Killed Pikel
  3667 | D:4      | Reached skill level 5 in Fighting
  3667 | D:4      | Reached XP level 7. HP: 15/56 MP: 0/10
  4152 | D:4      | Found an opulent altar of Gozag.
  4359 | D:4      | Learned a level 1 spell: Foxfire
  4803 | D:5      | Entered Level 5 of the Dungeon
  4803 | D:5      | Noticed Grinder
  4822 | D:4      | Killed Grinder
  4823 | D:4      | Reached XP level 8. HP: 63/63 MP: 2/11
  4984 | D:5      | Found a blossoming altar of Fedhas.
  5063 | D:5      | Noticed EbonGhost's ghost (weakling HuDe)
  5065 | D:5      | Found a runed translucent gate.
  5065 | D:5      | Found a runed translucent gate.
  5065 | D:5      | Found a runed translucent gate.
  5074 | D:5      | Noticed Eustachio
  5084 | D:5      | Killed Eustachio
  5425 | D:5      | Noticed Blork the orc
  5431 | D:5      | Killed Blork the orc
  5539 | D:5      | Reached skill level 6 in Fighting
  5539 | D:5      | Reached skill level 5 in Long Blades
  6341 | D:5      | Reached skill level 5 in Necromancy
  6691 | D:5      | Reached XP level 9. HP: 46/71 MP: 3/13
  6742 | D:5      | HP: 1/71 [yak (10)]
  6745 | D:5      | Slain by a yak

Illustrated notes

Levels and vault maps discovered:
D:1:      spicycebolla_green_bress_n_ham_2, layout_basic, serial_glass,
          glass_columns_b, glass_columns_b, glass_columns_c,
          grunt_decor_mini_mirrors
D:2:      layout_loops_ring, serial_shops, shop, kennysheep_decorative_pillar,
          minmay_misc_feat_enclosed, minmay_split_cup_large, uniq_jessica
D:3:      layout_basic, minmay_fractal_squares_gapless_5, uniq_ijyb
D:4:      layout_basic, mainiacjoe_overflow_small_starburst, serial_aquarium,
          aquarium_bridge_long_separate [aquarium_subvault_window,
          aquarium_subvault_bridge, aquarium_subvault_bridge,
          aquarium_subvault_bridge, aquarium_subvault_bridge,
          aquarium_subvault_window], aquarium_bridge_square
          [aquarium_subvault_balcony, aquarium_subvault_bridge,
          aquarium_subvault_wall, aquarium_subvault_bridge],
          aquarium_window_fake, aquarium_window_2, aquarium_window_corner,
          aquarium_window_fake, aquarium_view_2c, aquarium_pool_double,
          nrook_mini_backslash, uniq_pikel
D:5:      kennysheep_six_static_rooms, layout_basic, fedhas_ov_isle_minmay,
          gammafunk_ghost_split, uniq_blork_the_orc, uniq_eustachio,
          uniq_grinder
D:6:      layout_basic, interstate_on_off, minmay_mini_ossuary

Skill      XL: |  1  2  3  4  5  6  7  8 |
---------------+-------------------------+-----
Spellcasting   | 2 3 |  3.7
Dodging        | 1 2 3 4 |  4.7
Fire Magic     | 3 |  3.0
Long Blades    | 3 4 5 |  5.5
Necromancy     | 1 3 5 |  5.3
Fighting       | 4 5 6 |  6.6

Action                     |  1- 3 |  4- 6 |  7- 9 || total
---------------------------+-------+-------+-------++-------
  Melee: Falchion          |   114 |    89 |       ||   203
         Punch             |     3 |     2 |       ||     5
         Short sword       |       |    98 |    83 ||   181
  Throw: Stone             |    27 |    19 |       ||    46
         Boomerang         |       |     9 |     7 ||    16
   Cast: Scorch            |       |    35 |    27 ||    62
         Vampiric Draining |       |       |    20 ||    20
         Foxfire           |       |       |    14 ||    14
 Invoke: Fiery Armour      |       |     1 |       ||     1
    Use: Scroll            |     4 |     3 |     1 ||     8
 Armour: Robe              |    18 |    44 |       ||    62
         Leather armour    |       |    16 |    33 ||    49
  Dodge: Dodged            |    69 |   107 |    56 ||   232

Table legend: (Time is in decaauts)
 A = Elapsed time spent in this place.
 B = Non-inter-level travel time spent in this place.
 C = Inter-level travel time spent in this place.
 D = Time resting spent in this place.
 E = Time spent auto-exploring this place.
 F = Levels seen in this place.
 G = Mean time per level.
                   A        B        C        D        E       F      G
               +--------+--------+--------+--------+--------+-----+--------+
         Total |   6785 |   6538 |    247 |    616 |   4640 |   6 | 1130.8 |
       Dungeon |   6785 |   6538 |    247 |    616 |   4640 |   6 | 1130.8 |
               +--------+--------+--------+--------+--------+-----+--------+

Top non-repeatable levels by time:
     D:5: 1845 daAuts
     D:4: 1587 daAuts
     D:2: 1322 daAuts
     D:3: 1193 daAuts
     D:1: 827 daAuts
     D:6: 7 daAuts
